 Dungeon Crawl Stone Soup version 0.30.1-1-g62c8e00024 (webtiles) character file.

Game seed: 13330346672548191021

10014 Gorgoleon the Skirmisher (level 11, -18/86 HPs)
             Began as a Gnoll Hunter on July 16, 2023.
             Was a Priest of Okawaru.
             Demolished by a tengu warrior
             ... wielding a +0 dire flail
              (21 damage)
             ... on level 10 of the Dungeon.
             The game lasted 00:26:44 (8411 turns).

Gorgoleon the Skirmisher (Gnoll Hunter)             Turns: 8411, Time: 00:26:44

Health: -18/86     AC:  7    Str: 10    XL:     11   Next: 55%
Magic:  21/21      EV: 17    Int:  8    God:    Okawaru [***...]
Gold:   477        SH:  0    Dex: 21    Spells: 23/23 levels left

rFire   . . .        e - +6 hand crossbow (freeze)
rCold   . . .        (no shield)
rNeg    . . .        m - +2 leather armour {rPois}
rPois   +            (no helmet)
rElec   .            g - +0 cloak
rCorr   .            (no gloves)
SInv    .            (no boots)
Will    .....        (no amulet)
Stlth   ++++         (no ring)
HPRegen 0.34/turn    (no ring)
MPRegen 0.17/turn

%: no passive effects
@: about to teleport
A: fangs 1, strong nose, distributed training
a: Renounce Religion, Heroism


You were on level 10 of the Dungeon.
You worshipped Okawaru.
Okawaru was most pleased with you.
You visited 2 branches of the dungeon, and saw 11 of its levels.
You also visited: Ossuary.

You collected 477 gold pieces.

Inventory:

Hand Weapons
 e - a +6 hand crossbow of freezing (weapon)
 C - a +2 whip of electrocution
Missiles
 d - a throwing net
Armour
 g - a +0 cloak (worn)
 m - a +2 leather armour of poison resistance (worn)
 F - +0 acid dragon scales
 H - a +0 troll leather armour
Jewellery
 i - an amulet of regeneration
 j - an amulet of faith
 p - the amulet "Tiorofro" {RegenMP Fly rN+ Will- Str+2}
   (You found it on level 2 of the Dungeon)

   [amulet of magic regeneration]

   It increases your rate of magic regeneration.
   Str:       It affects your strength (+2).
   rN:        It protects you from negative energy.
   Fly:       It grants you flight.
   Will:      It decreases your willpower.
 A - an amulet of reflection
 D - a ring of protection from fire
Wands
 l - a wand of flame (11)
 z - a wand of roots (12)
 B - a wand of mindburst (8)
 G - a wand of paralysis (8)
 I - a wand of light (8)
Scrolls
 b - a scroll of immolation
 q - 2 scrolls of noise
 s - 4 scrolls of blinking
 w - a scroll of teleportation
 x - 2 scrolls of enchant armour
 y - 5 scrolls of identify
Potions
 a - 9 potions of mutation
 c - a potion of degeneration
 f - a potion of ambrosia
 h - 2 potions of haste
 k - a potion of flight
 n - a potion of heal wounds
 o - 4 potions of might
 r - 10 potions of curing
 t - 2 potions of invisibility
 u - a potion of berserk rage
 v - a potion of attraction
 E - a potion of lignification


   Skills:
 + Level 8.1 Fighting
 + Level 6.6 Short Blades
 + Level 6.6 Long Blades
 + Level 6.6 Axes
 + Level 6.6 Maces & Flails
 + Level 6.6 Polearms
 + Level 6.6 Staves
 + Level 10.8 Ranged Weapons
 + Level 6.6 Throwing
 + Level 6.6 Armour
 + Level 8.1 Dodging
 + Level 7.1 Stealth
 + Level 6.6 Shields
 + Level 6.6 Unarmed Combat
 + Level 6.6 Spellcasting
 + Level 5.5 Conjurations
 + Level 5.5 Hexes
 + Level 5.5 Summonings
 + Level 5.5 Necromancy
 + Level 5.5 Translocations
 + Level 5.5 Transmutations
 + Level 5.5 Fire Magic
 + Level 5.5 Ice Magic
 + Level 5.5 Air Magic
 + Level 5.5 Earth Magic
 + Level 5.5 Poison Magic
 + Level 7.3 Invocations
 + Level 6.6 Evocations


You had 23 spell levels left.
You didn't know any spells.
Your spell library contained the following spells:

 Spells                   Type           Power      Damage    Failure   Level
 Passage of Golubria      Tloc           11%        N/A       28%         4
 Yara's Violent Unravell  Hex/Tmut       5%         3d4       63%         5
 Tukima's Dance           Hex            Unusable   N/A       N/A         3
 Animate Dead             Necr           Unusable   N/A       N/A         4
 Haunt                    Necr/Summ      Unusable   N/A       N/A         7
 Infestation              Necr           Unusable   N/A       N/A         8

Dungeon Overview and Level Annotations

Branches:
Dungeon (10/15)            Temple (1/1) D:6            Lair (0/5) D:10
Ossuary (visited)
    Orc: D:9-12

Altars:
Ashenzari
Cheibriados
Dithmenos
Elyvilon
Fedhas
Gozag
Hepliaklqana
Kikubaaqudgha
Makhleb
Nemelex Xobeh
Okawaru
Qazlal
Ru
Sif Muna
Trog
Uskayaw
Vehumet
Wu Jian
Xom
Yredelemnul
Zin
The Shining One

Shops:
D:6 *!([=   D:10 =

Annotations:
D:3 3 runed translucent doors, klm127's ghost, amateur TrWr
D:6 3 runed translucent doors, mkat's ghost, novice DrWr


Innate Abilities, Weirdness & Mutations

You have very sharp teeth.
Your uncanny sense of smell can sniff out nearby items.
Your experience applies equally to all skills.


Message History

The meliai is severely wounded.
The tengu warrior barely misses you. The tengu warrior pecks you.
The tengu warrior claws you.
A centaur warrior comes into view. It is wielding a +0 glaive of flaming.
The tengu warrior hits you with a +0 dire flail!
The tengu warrior pecks you but does no damage.
The tengu warrior claws you but does no damage.
A slime creature comes into view.
You shoot a bolt.
The bolt closely misses the tengu warrior.
The bolt hits the meliai.
The bolt freezes the meliai.
The meliai is severely wounded.
The tengu warrior hits you with a +0 dire flail.
The tengu warrior barely misses you.
The tengu warrior claws you but does no damage.
You shoot a bolt.
The bolt hits the tengu warrior but does no damage.
The tengu warrior is moderately wounded.
The tengu warrior hits you with a +0 dire flail!
The tengu warrior pecks you.
The tengu warrior claws you but does no damage.
A cyclops comes into view.
You shoot a bolt. The bolt hits the tengu warrior!
The bolt freezes the tengu warrior.
The tengu warrior is heavily wounded.
The tengu warrior hits you with a +0 dire flail!
The tengu warrior pecks you.
* * * LOW HITPOINT WARNING * * *
The tengu warrior misses you. The tengu warrior barely misses you.
The tengu warrior pecks you but does no damage.
The tengu warrior claws you.
* * * LOW HITPOINT WARNING * * *
As you read the scroll of teleportation, it crumbles to dust.
You feel strangely unstable.
The meliai invokes the aid of its god against you.
Something smites you!
* * * LOW HITPOINT WARNING * * *
A centaur warrior comes into view.
It is wielding the +4 broad axe of Mourning {venom, Fly} and wearing the ring "Osuysaski" {rC- rCorr Str+4}.
The tengu warrior hits you with a +0 dire flail!!
You die...

.......###......##.....#.........
......#.####...###.....#........#
......##.#.###...........#.......
......#.#.#.####....#....#.......
......##.#.#.#.###.........###...
#.....#.#.#.#.#..###.......###.##
##....##.#.#.#.##..##...........#
#....#.#.#.####.#..###...##.....
##.#.## #@###..###...#.... #
#.#### #Q# #...[###...... ....###


uy# #.#....###...# ....# ∆yJ### #...#....###.# ....# ∆#c #.#...#..†.... .....#
∆)∆## #...#....###.. #....# ## .. #.#....###.... ##....# .## #. #...)### ....
......#.#..## #.###..### .... You could see a cyan ugly thing, a slime creature,
a tengu warrior, a centaur warrior and a meliai.

Vanquished Creatures
  A two-headed ogre (D:9)
  Pikel (D:9)
  An oklob plant (D:10)
  A troll (D:10)
  A hornet (D:9)
  4 slime creatures (D:9)
  2 wyverns
  Grum (D:8)
  11 yaks
  A steam dragon (D:7)
  Menkaure (D:4)
  2 acid dragons (D:10)
  3 water moccasins
  Duvessa (D:6)
  3 ice beasts
  6 orc warriors
  A sky beast (D:6)
  3 ogres (D:6)
  2 wolves (D:8)
  5 centaurs
  A lemure (D:9)
  A phantom (D:5)
  A kobold brigand (D:9)
  An elf zombie (Ossuary)
  3 bullfrogs
  5 scorpions
  16 wights
  Dowan (D:6)
  3 killer bees (D:7)
  4 howler monkeys
  2 centaur zombies (Ossuary)
  3 jellies
  A sleepcap (D:5)
  Crazy Yiuf (D:7)
  2 human zombies (Ossuary)
  6 orc priests
  2 hounds
  7 iguanas
  Terence (D:2)
  3 orc wizards
  2 mummies (Ossuary)
  8 adders
  A shadow imp (D:7)
  2 white imps (D:6)
  2 ufetubi
  3 adder zombies
  A worm (D:4)
  A dart slug (D:2)
  25 orcs
  10 ball pythons
  4 bats (D:3)
  11 endoplasms
  6 giant cockroaches
  9 goblins
  6 hobgoblins
  10 jackals
  12 kobolds
  3 quokkas
  4 frilled lizards
  12 hobgoblin zombies (Ossuary)
  7 kobold zombies (Ossuary)
  10 orc zombies (Ossuary)
  A quokka zombie (D:3)
  6 rats
  A rat zombie (Ossuary)
272 creatures vanquished.

Notes
Turn   | Place    | Note
-------+----------+-------------------------------------------
     0 | D:1      | Gorgoleon the Gnoll Hunter began the quest for the Orb.
     0 | D:1      | Reached XP level 1. HP: 20/20 MP: 1/1
    51 | D:1      | Reached XP level 2. HP: 26/26 MP: 2/2
   347 | D:1      | Found a faded altar of an unknown god.
   435 | D:1      | Reached XP level 3. HP: 31/31 MP: 3/3
   871 | D:2      | Reached skill level 1 in Invocations
  1012 | D:2      | Reached skill level 1 in Short Blades
  1012 | D:2      | Reached skill level 1 in Long Blades
  1012 | D:2      | Reached skill level 1 in Axes
  1012 | D:2      | Reached skill level 1 in Maces & Flails
  1012 | D:2      | Reached skill level 1 in Polearms
  1012 | D:2      | Reached skill level 1 in Staves
  1012 | D:2      | Reached skill level 1 in Throwing
  1012 | D:2      | Reached skill level 1 in Armour
  1012 | D:2      | Reached skill level 1 in Shields
  1012 | D:2      | Reached skill level 1 in Unarmed Combat
  1012 | D:2      | Reached skill level 1 in Spellcasting
  1012 | D:2      | Reached skill level 1 in Evocations
  1083 | D:2      | Identified the amulet "Tiorofro" {RegenMP Fly rN+ Will-
                  | Str+2}
  1146 | D:2      | Noticed Terence
  1165 | D:2      | Killed Terence
  1166 | D:2      | Reached skill level 1 in Conjurations
  1166 | D:2      | Reached skill level 1 in Hexes
  1166 | D:2      | Reached skill level 1 in Summonings
  1166 | D:2      | Reached skill level 1 in Necromancy
  1166 | D:2      | Reached skill level 1 in Translocations
  1166 | D:2      | Reached skill level 1 in Transmutations
  1166 | D:2      | Reached skill level 1 in Fire Magic
  1166 | D:2      | Reached skill level 1 in Ice Magic
  1166 | D:2      | Reached skill level 1 in Air Magic
  1166 | D:2      | Reached skill level 1 in Earth Magic
  1166 | D:2      | Reached skill level 1 in Poison Magic
  1166 | D:2      | Reached XP level 4. HP: 7/38 MP: 5/5
  1660 | D:3      | Identified a scroll of acquirement
  1660 | D:3      | Acquired a +5 hand crossbow of flaming
  1715 | D:3      | Reached XP level 5. HP: 40/43 MP: 7/7
  1926 | D:3      | Found a runed translucent gate.
  1926 | D:3      | Found a runed translucent gate.
  1926 | D:3      | Found a runed translucent gate.
  1926 | D:3      | Noticed klm127's ghost (amateur TrWr)
  1928 | D:3      | Found a basalt altar of Yredelemnul.
  2319 | D:4      | Noticed Menkaure
  2322 | D:4      | Killed Menkaure
  2323 | D:4      | Reached skill level 5 in Fighting
  2323 | D:4      | Reached skill level 5 in Dodging
  2323 | D:4      | Reached XP level 6. HP: 51/51 MP: 8/8
  2743 | D:4      | Found a sand-covered staircase.
  2750 | Ossuary  | Entered an ossuary
  2780 | Ossuary  | Reached XP level 7. HP: 56/56 MP: 10/10
  2887 | Ossuary  | Reached skill level 9 in Ranged Weapons
  3192 | D:5      | Entered Level 5 of the Dungeon
  3272 | D:5      | Found a bloodstained altar of Trog.
  3541 | D:5      | Reached XP level 8. HP: 63/63 MP: 12/12
  4045 | D:6      | Found Pevorrocath's Armour Shoppe.
  4239 | D:6      | Found Cuckieg's Weapon Shoppe.
  4243 | D:6      | Reached XP level 9. HP: 69/69 MP: 14/14
  4424 | D:6      | Found Ruruhu's Jewellery Boutique.
  4454 | D:6      | Reached skill level 5 in Stealth
  4523 | D:6      | Found a runed translucent gate.
  4523 | D:6      | Found a runed translucent gate.
  4523 | D:6      | Found a runed translucent gate.
  4523 | D:6      | Noticed mkat's ghost (novice DrWr)
  4543 | D:6      | Noticed Dowan
  4544 | D:6      | Noticed Duvessa
  4549 | D:6      | Killed Duvessa
  4551 | D:6      | Killed Dowan
  4566 | D:6      | Found Dituqass's Distillery.
  4588 | D:6      | Reached skill level 5 in Invocations
  4615 | D:6      | Found a staircase to the Ecumenical Temple.
  4624 | Temple   | Entered the Ecumenical Temple
  4789 | D:6      | Found Arosihob's Assorted Antiques.
  5482 | D:7      | Reached skill level 5 in Short Blades
  5482 | D:7      | Reached skill level 5 in Long Blades
  5482 | D:7      | Reached skill level 5 in Axes
  5482 | D:7      | Reached skill level 5 in Maces & Flails
  5482 | D:7      | Reached skill level 5 in Polearms
  5482 | D:7      | Reached skill level 5 in Staves
  5482 | D:7      | Reached skill level 5 in Throwing
  5482 | D:7      | Reached skill level 5 in Armour
  5482 | D:7      | Reached skill level 5 in Shields
  5482 | D:7      | Reached skill level 5 in Unarmed Combat
  5482 | D:7      | Reached skill level 5 in Spellcasting
  5482 | D:7      | Reached skill level 5 in Evocations
  5482 | D:7      | Reached XP level 10. HP: 68/77 MP: 17/17
  5542 | D:7      | Found a runed translucent door.
  5543 | D:7      | Noticed Crazy Yiuf
  5547 | D:7      | Killed Crazy Yiuf
  5621 | D:7      | Reached skill level 10 in Ranged Weapons
  6218 | D:8      | Found a shimmering altar of Xom.
  6269 | D:8      | Found an iron altar of Okawaru.
  6273 | D:8      | Found a radiant altar of Vehumet.
  6273 | D:8      | Found a hide-covered altar of Uskayaw.
  6277 | D:8      | Became a worshipper of Warmaster Okawaru
  6718 | D:8      | Noticed Grum
  6731 | D:8      | Killed Grum
  7112 | D:9      | Reached * piety under Okawaru
  7215 | D:9      | Noticed Pikel
  7229 | D:9      | Killed Pikel
  7230 | D:9      | Reached skill level 5 in Conjurations
  7230 | D:9      | Reached skill level 5 in Hexes
  7230 | D:9      | Reached skill level 5 in Summonings
  7230 | D:9      | Reached skill level 5 in Necromancy
  7230 | D:9      | Reached skill level 5 in Translocations
  7230 | D:9      | Reached skill level 5 in Transmutations
  7230 | D:9      | Reached skill level 5 in Fire Magic
  7230 | D:9      | Reached skill level 5 in Ice Magic
  7230 | D:9      | Reached skill level 5 in Air Magic
  7230 | D:9      | Reached skill level 5 in Earth Magic
  7230 | D:9      | Reached skill level 5 in Poison Magic
  7230 | D:9      | Reached XP level 11. HP: 77/85 MP: 18/20
  7463 | D:9      | Noticed a two-headed ogre
  7467 | D:9      | Killed a two-headed ogre
  7467 | D:9      | Reached ** piety under Okawaru
  7741 | D:10     | Entered Level 10 of the Dungeon
  7743 | D:10     | Found Feipn's Jewellery Boutique.
  7980 | D:10     | Found a staircase to the Lair.
  7980 | D:10     | Noticed an oklob plant
  7986 | D:10     | Killed an oklob plant
  8098 | D:10     | Reached *** piety under Okawaru
  8330 | D:10     | Identified the +3 scale mail "Qatt" {Regen+}
  8404 | D:10     | Noticed a tengu warrior
  8404 | D:10     | Noticed a cyan ugly thing
  8405 | D:10     | Identified the +8 flail of Wyrd {speed, Str+4}
  8407 | D:10     | Noticed a centaur warrior
  8409 | D:10     | Noticed a cyclops
  8411 | D:10     | HP: 3/86 [meliai/divine providence (13)]
  8411 | D:10     | Identified the +4 broad axe of Mourning {venom, Fly}
  8411 | D:10     | Identified the ring "Osuysaski" {rC- rCorr Str+4}
  8411 | D:10     | Noticed a centaur warrior
  8411 | D:10     | Demolished by a tengu warrior

Illustrated notes

Levels and vault maps discovered:
D:1:      eino_arrival_druids_welcome, layout_basic, basic_ecumenical_altar
D:2:      layout_loops_ring, kennysheep_path_1, uniq_terence
D:3:      layout_rooms, nicolae_yredelemnul_ghost_church, st_stairs_10,
          chequers_hall_statues_y, minivault_14
D:4:      layout_cave_pools, nicolae_ossuary_entry_plus, serial_rivers,
          chequers_serial_rivers_small_3, chequers_serial_rivers_marsh,
          chequers_serial_rivers_large_b, chequers_serial_rivers_small_3,
          chequers_serial_rivers_marsh, chequers_serial_rivers_small_a,
          kennysheep_orc_chapel, uniq_menkaure
D:5:      layout_layer_cave, mainiacjoe_overflow_chevrons
D:6:      layout_cave_pools, minmay_temple_entry_glass,
          gammafunk_ghost_nasty_kobolds, serial_shops, shop, kennysheep_mini,
          nicolae_shop_behind_doors, nicolae_shop_tiny_glass,
          nicolae_shop_trees, minmay_bent, uniq_duvessa
D:7:      layout_rooms, lemuel_flame_loot_1, uniq_crazy_yiuf_cottage
D:8:      layout_loops_corners, grunt_temple_overflow_open, uniq_grum
D:9:      layout_irregular_city, uniq_pikel
D:10:     minmay_the_grid_triangle_9x9_recursive_2
          [minmay_the_grid_triangle_9x9_prize_center,
          minmay_the_grid_triangle_9x9_flanged_cone,
          minmay_the_grid_triangle_9x9_checkered,
          minmay_the_grid_triangle_9x9_negative_grid], layout_cave_pools,
          dpeg_oklobed_lair, orc_0_dummy, serial_shops, shop, uniq_sonja
Temple:   nicolae_temple_superstar

Skill      XL: |  1  2  3  4  5  6  7  8  9 10 11 |
---------------+----------------------------------+-----
Invocations    | 1 2 3 4 5 6 7 |  7.3
Short Blades   | 1 2 3 5 6 |  6.6
Long Blades    | 1 2 3 5 6 |  6.6
Axes           | 1 2 3 5 6 |  6.6
Maces & Flails | 1 2 3 5 6 |  6.6
Polearms       | 1 2 3 5 6 |  6.6
Staves         | 1 2 3 5 6 |  6.6
Throwing       | 1 2 3 5 6 |  6.6
Armour         | 1 2 3 5 6 |  6.6
Shields        | 1 2 3 5 6 |  6.6
Unarmed Combat | 1 2 3 5 6 |  6.6
Spellcasting   | 1 2 3 5 6 |  6.6
Evocations     | 1 2 3 5 6 |  6.6
Conjurations   | 1 2 3 4 5 |  5.5
Hexes          | 1 2 3 4 5 |  5.5
Summonings     | 1 2 3 4 5 |  5.5
Necromancy     | 1 2 3 4 5 |  5.5
Translocations | 1 2 3 4 5 |  5.5
Transmutations | 1 2 3 4 5 |  5.5
Fire Magic     | 1 2 3 4 5 |  5.5
Ice Magic      | 1 2 3 4 5 |  5.5
Air Magic      | 1 2 3 4 5 |  5.5
Earth Magic    | 1 2 3 4 5 |  5.5
Poison Magic   | 1 2 3 4 5 |  5.5
Fighting       | 5 6 7 8 |  8.1
Dodging        | 5 6 7 8 |  8.1
Stealth        | 3 4 5 6 7 |  7.1
Ranged Weapons | 9 10 | 10.8

Action                     |  1- 3 |  4- 6 |  7- 9 | 10-12 || total
---------------------------+-------+-------+-------+-------++-------
   Fire: Shortbow          |   101 |    11 |       |       ||   112
         Hand crossbow     |       |    92 |   215 |   218 ||   525
    Use: Scroll            |       |     8 |     9 |     4 ||    21
         Potion            |       |     3 |     1 |       ||     4
 Armour: Leather armour    |     5 |     4 |    17 |    18 ||    44
  Dodge: Dodged            |    21 |    37 |    82 |    79 ||   219
